 Dungeon Crawl Stone Soup version 0.32-a0-128-g77eb882913 (webtiles) character file.

Game seed: 9780645325443053816

132 Newt the Cudgeller (level 5, -3/33 HPs)
             Began as a Gargoyle Gladiator on Feb 7, 2024.
             Killed by divine providence
             ... invoked by an orc priest
              (7 damage)
             ... on level 3 of the Dungeon.
             The game lasted 00:01:25 (1440 turns).

Newt the Cudgeller (Gargoyle Gladiator)             Turns: 1440, Time: 00:01:26

Health: -3/33      AC:  8    Str: 19    XL:     5   Next: 15%
Magic:  0/5        EV: 12    Int:  9    God:
Gold:   196        SH:  0    Dex: 11    Spells: 4/4 levels left

rFire   . . .        h - +0 whip (venom)
rCold   . . .        (no shield)
rNeg    + . .        b - +0 leather armour
rPois   ∞            c - +0 helmet
rElec   +            (no cloak)
rCorr   .            (no gloves)
SInv    .            (no boots)
Will    .....        i - amulet of guardian spirit
Stlth   +            (no ring)
HPRegen 0.25/turn    (no ring)
MPRegen 0.09/turn

%: guardian spirit
@: no status effects
A: sickness immunity, AC +4, negative energy resistance 1, electricity
resistance, torment resistance 1, petrification resistance
a: no special abilities


You were on level 3 of the Dungeon.
You visited 1 branch of the dungeon, and saw 3 of its levels.

You collected 196 gold pieces.

Inventory:

Hand Weapons
 a - a +0 flail of protection
 h - a +0 whip of venom (weapon)
Missiles
 d - 3 throwing nets (quivered)
 e - a javelin
Armour
 b - a +0 leather armour (worn)
 c - a +0 helmet (worn)
Jewellery
 i - an amulet of guardian spirit (around neck)
Scrolls
 g - 4 scrolls of teleportation
 j - 2 scrolls of brand weapon
 k - a scroll of noise {unknown}
 m - a scroll of enchant weapon {unknown}
 n - a scroll of blinking {unknown}
 o - a scroll of enchant armour {unknown}
 q - a scroll of fog {unknown}
Potions
 f - a potion of magic {unknown}
 l - a potion of enlightenment {unknown}
 p - 2 potions of haste
 r - a potion of invisibility {unknown}
 s - a potion of brilliance {unknown}
 t - a potion of attraction {unknown}


   Skills:
 + Level 3.7 Fighting
 * Level 4.9 Maces & Flails
 - Level 1.7 Throwing
 - Level 2.4 Dodging


You had 4 spell levels left.
You didn't know any spells.
Your spell library was empty.

Dungeon Overview and Level Annotations

Branches:
Dungeon (3/15)

Altars:

Shops:
D:1 (


Innate Abilities, Weirdness & Mutations

You are immune to sickness and miasma.
Your stone body is resilient. (AC +4)
You are immune to poison.
You resist negative energy. (rN+)
You are resistant to electric shocks. (rElec)
You are resistant to unholy torment.
You are immune to petrification.


Message History

An orc comes into view. It is wielding a +0 club.
The orc shouts!
You hit the orc priest.
The orc priest is poisoned.
The orc priest is lightly wounded.
The orc closely misses you.
The orc priest hits you with a +0 flail!
There are monsters nearby!
There are monsters nearby!
Unknown command.
You closely miss the orc priest.
The orc priest is lightly wounded.
You hit the orc priest but do no damage.
The orc priest is lightly wounded.
The orc priest hits you with a +0 flail.
The orc barely misses you.
An orc comes into view.
It is wielding a +1 short sword of venom.
You barely miss the orc priest.
The orc priest is moderately wounded.
The orc hits you with a +0 mace.
The orc priest miscasts a cantrip.
You hit the orc priest.
The orc priest is heavily wounded.
The orc priest hits you with a +0 flail.
The orc wizard casts a spell.
The orc wizard flickers and vanishes!
Deactivating autopickup; reactivate with Ctrl-A.
You hit the orc priest but do no damage.
The orc priest looks as sick as possible!
The orc priest is heavily wounded.
The orc priest closely misses you. The orc hits you with a +0 mace.
You hit the orc priest but do no damage.
The orc priest looks as sick as possible!
The orc priest is heavily wounded.
The orc hits you with a +0 mace.
The orc priest mumbles some strange prayers to Beogh against you.
Beogh smites you!
* * * LOW HITPOINT WARNING * * *
The orc priest calls down the wrath of Beogh upon you.
Beogh smites you!
You die...

#########..#######.#
#...........
#####)####.....
#......# #..
+......+ # #......#
..######......#
..........$...#
......o.@######
.###.o.o# #.{?.#
#o#### ..o ... .....
..## ..


You could see an orc priest (extremely poisoned) and 4 orcs.

Vanquished Creatures
  A scorpion (D:2)
  A ribbon worm (D:2)
  3 dart slugs
  5 orcs (D:2)
  6 bats
  5 endoplasms
  7 goblins
  3 hobgoblins
  6 jackals
  3 ball pythons (D:1)
  4 frilled lizards
  7 kobolds
  7 rats
58 creatures vanquished.

Notes
Turn   | Place    | Note
-------+----------+-------------------------------------------
     0 | D:1      | Newt the Gargoyle Gladiator began the quest for the Orb.
     0 | D:1      | Reached XP level 1. HP: 12/12 MP: 1/1
   120 | D:1      | Reached XP level 2. HP: 16/18 MP: 2/2
   431 | D:1      | Reached XP level 3. HP: 22/22 MP: 3/3
   536 | D:1      | Found Huhuutud's Weapon Boutique.
   805 | D:2      | Reached skill level 4 in Maces & Flails
  1054 | D:2      | Noticed a scorpion
  1058 | D:2      | Killed a scorpion
  1059 | D:2      | Reached XP level 4. HP: 18/28 MP: 4/4
  1091 | D:2      | Reached XP level 5. HP: 29/32 MP: 5/5
  1440 | D:3      | Killed from afar by an orc priest

Illustrated notes

Levels and vault maps discovered:
D:1:      lemuel_arrival_cross, layout_loops_ring, serial_shops,
          nicolae_shop_window_shopping, grunt_decor_resistance,
          minmay_fountain_box, minivault_24, hangedman_feature_mirror
D:2:      layout_basic
D:3:      layout_basic, nicolae_qazlal_style_of_elements,
          nicolae_ru_awakened_eye, minmay_misc_feat_cross

Skill      XL: |  1  2  3 |
---------------+----------+-----
Maces & Flails | 4 |  4.9
Fighting       | 3 |  3.7
Throwing       | |  1.7
Dodging        | |  2.4

Action                     |  1- 3 |  4- 6 || total
---------------------------+-------+-------++-------
  Melee: Flail             |    27 |       ||    27
         Whip              |   102 |    39 ||   141
         Punch             |     6 |     3 ||     9
    Use: Scroll            |     2 |       ||     2
         Potion            |       |     1 ||     1
 Armour: Leather armour    |    68 |    21 ||    89
  Dodge: Dodged            |    92 |    17 ||   109

Table legend: (Time is in decaauts)
 A = Elapsed time spent in this place.
 B = Non-inter-level travel time spent in this place.
 C = Inter-level travel time spent in this place.
 D = Time resting spent in this place.
 E = Time spent auto-exploring this place.
 F = Levels seen in this place.
 G = Mean time per level.
                   A        B        C        D        E       F      G
               +--------+--------+--------+--------+--------+-----+--------+
         Total |   1410 |   1350 |     60 |     28 |   1014 |   3 |  470.0 |
       Dungeon |   1410 |   1350 |     60 |     28 |   1014 |   3 |  470.0 |
               +--------+--------+--------+--------+--------+-----+--------+

Top non-repeatable levels by time:
     D:1: 792 daAuts
     D:2: 558 daAuts
     D:3: 59 daAuts
